 Dungeon Crawl Stone Soup version 0.15.2 (webtiles) character file.

998 Huymann the Shooter (level 8, -5/51 HPs)
             Began as a High Elf Hunter on July 24, 2017.
             Was a Follower of Okawaru.
             Killed from afar by Huymann's ghost (19 damage)
             ... with a spray of energy
             ... on Level 8 of the Dungeon.
             The game lasted 01:01:18 (6699 turns).

Huymann the Shooter (High Elf Hunter)               Turns: 6699, Time: 01:01:18

HP  -5/51        AC  5     Str 11      XL: 8   Next:  0%
MP  16/16        EV 13     Int 16      God: Okawaru [*.....]
Gold 254         SH  0     Dex 17      Spells:  0 memorised,  9 levels left

rFire  . . .     SeeInvis .     g - +0 dagger
rCold  . . .     Clarity  .     l - +2 robe
rNeg   . . .     rCorr    .     (no shield)
rPois  .         rRot     .     (no helmet)
rElec  .         Spirit   .     (no cloak)
SustAb .         Warding  .     k - +0 pair of gloves
rMut   .         Stasis   .     (no boots)
Gourm  .                        (no amulet)
MR     .....                    (no ring)
                                (no ring)

@: drained, not resistant to hostile enchantments, unstealthy
A: no striking features
a: Heroism, Renounce Religion


You were on level 8 of the Dungeon.
You worshipped Okawaru.
Okawaru was aware of your devotion.
You were not hungry.

You visited 2 branches of the dungeon, and saw 9 of its levels.

You collected 254 gold pieces.

Inventory:

Hand weapons
 a - a +0 short sword
 b - a +2 shortbow
 g - a +0 dagger (weapon)
 m - a +0 hunting sling
 u - a +0 blowgun
 w - a -3 dagger
Missiles
 c - 26 arrows
 e - 2 javelins (quivered)
 h - 24 sling bullets
 r - 68 poisoned needles
 z - a throwing net
 H - 3 sling bullets of frost
Armour
 d - a +2 leather armour
 k - a +0 pair of gloves (worn)
 l - a +2 robe (worn)
 B - the +0 chain mail of the Albatross {MR+}
   (You found it on level 5 of the Dungeon)

   It affects your resistance to hostile enchantments.
 D - a +0 buckler
Magical devices
 C - a wand of cold (8)
 G - a wand of random effects (13)
 L - a wand of flame (16) {unknown}
Comestibles
 f - 8 bread rations
 j - 4 meat rations
 t - a beef jerky
 F - 6 fruits
 K - 3 chunks of giant frog flesh
 M - a chunk of adder flesh
Scrolls
 n - a scroll of teleportation
 x - 2 scrolls of identify
 y - 3 scrolls of enchant armour
 A - 2 scrolls of remove curse
 E - a scroll of fog
 J - a scroll of fear {unknown}
Potions
 i - a potion of brilliance
 o - a potion of lignification {unknown}
 p - a potion of mutation {unknown}
 q - a potion of cancellation {unknown}
 s - 3 potions of curing
 v - 3 potions of heal wounds {unknown}
 I - a potion of haste {unknown}


   Skills:
 * Level 2.6(1.6) Fighting
 * Level 3.6(2.6) Short Blades
 + Level 7.8(6.6) Bows
 + Level 1.4(0.4) Throwing
 * Level 2.6(1.6) Armour
 + Level 4.1(3.0) Dodging
 * Level 4.1(3.0) Stealth
 + Level 1.3(0.3) Spellcasting
 * Level 2.5(1.5) Invocations
 * Level 1.0(0.1) Evocations


You had 9 spell levels left.
You didn't know any spells.

Dungeon Overview and Level Annotations

Branches:
Dungeon (8/15)             Temple (1/1) D:4
   Lair: D:8-11

Altars:
Ashenzari
Cheibriados
Dithmenos
Elyvilon
Fedhas
Kikubaaqudgha
Makhleb
Nemelex Xobeh
Okawaru
Qazlal
Sif Muna
Trog
Vehumet
Xom
Yredelemnul
Zin
The Shining One

Annotations:
D:4 Grinder
D:8 Huymann's ghost, experienced DrCj


Message History

Huymann's ghost (experienced Yellow Draconian Conjurer) comes into view.
Huymann's ghost turns its malevolent gaze towards you.
Huymann's ghost breathes negative energy at you.
The blast of negative energy hits you!
You feel drained.
Huymann's ghost breathes negative energy at you.
The blast of negative energy hits you!
You feel drained.
* * * LOW HITPOINT WARNING * * *
Found 11 sling bullets and 13 gold pieces.
Found a stone staircase leading down.
Drink which item? (? for menu, Esc to quit)
You feel better.
Huymann's ghost points at you and mumbles some strange words.
The spray of energy hits you!
* * * LOW HITPOINT WARNING * * *
You are confused.
Drink which item? (? for menu, Esc to quit)
You feel better. Huymann's ghost casts a spell at you.
The spray of energy hits you!
You die...

#.# .###.#
$.....##### #
...........####...
...................
.................#
...............#
#...W..@(...###
##..........>...
#.####.#........ #.#
#.#.......#
####W####.# ....#
####......##.##..##
##.....#.#.W...<..#
##........##...(####
#.........##.#..###


You could see Huymann's ghost.

Vanquished Creatures
  Eustachio (D:7)
  An ice beast (D:5)
  An ogre (D:5)
  Blork the orc (D:6)
  2 giant frogs (D:8)
  A crimson imp (D:5)
  A goliath beetle (D:8)
  2 hounds
  An orc priest (D:5)
  4 worker ants
  An orc wizard (D:5)
  An ogre zombie (D:7)
  A gnoll (D:1)
  6 adders
  A giant mite (D:7)
  A white imp (D:4)
  2 worms (D:2)
  An ufetubus (D:7)
  7 orcs
  A ball python (D:5)
  A bat skeleton (D:4)
  3 giant cockroaches
  14 hobgoblins
  12 jackals
  16 kobolds
  3 quokkas
  15 bats
  5 giant geckos
  3 giant newts
  8 goblins
  2 goblin zombies (D:4)
  4 hobgoblin zombies (D:4)
  A kobold skeleton (D:4)
  An orc skeleton (D:4)
  An orc zombie (D:4)
  11 rats
  A rat skeleton (D:5)
138 creatures vanquished.

Notes
Turn   | Place    | Note
--------------------------------------------------------------
     0 | D:1      | Huymann, the High Elf Hunter, began the quest for the Orb.
     0 | D:1      | Reached XP level 1. HP: 13/13 MP: 2/2
   270 | D:1      | Reached XP level 2. HP: 9/18 MP: 3/3
   379 | D:1      | Reached skill level 6 in Bows
   509 | D:1      | Reached XP level 3. HP: 23/23 MP: 5/5
   798 | D:2      | Reached skill level 1 in Short Blades
  1482 | D:2      | Reached skill level 1 in Armour
  1617 | D:2      | Reached XP level 4. HP: 28/28 MP: 7/7
  2737 | D:4      | Noticed Grinder
  3006 | D:4      | Found a glowing golden altar of the Shining One.
  3069 | D:4      | Reached skill level 1 in Spellcasting
  3069 | D:4      | Reached XP level 5. HP: 33/33 MP: 8/10
  3208 | D:4      | Found a staircase to the Ecumenical Temple.
  3218 | Temple   | Entered the Ecumenical Temple
  3331 | Temple   | Became a worshipper of Warmaster Okawaru
  3653 | D:5      | Entered Level 5 of the Dungeon
  3708 | D:5      | Noticed an ice beast
  4239 | D:5      | Reached XP level 6. HP: 38/38 MP: 12/12
  4356 | D:5      | Reached skill level 1 in Invocations
  4982 | D:5      | Killed an ice beast
  5054 | D:5      | Got a crude chain mail
  5103 | D:5      | Acquired Okawaru's first power
  5103 | D:5      | Reached skill level 7 in Bows
  5103 | D:5      | Reached XP level 7. HP: 40/45 MP: 15/15
  5304 | D:6      | Noticed Blork the orc
  5331 | D:6      | Killed Blork the orc
  5512 | D:7      | Noticed Eustachio
  5543 | D:7      | Killed Eustachio
  5701 | D:7      | Identified the +0 chain mail of the Albatross {MR+} (You found it on level 5 of the Dungeon)
  6457 | D:8      | Reached skill level 1 in Throwing
  6512 | D:8      | Reached skill level 1 in Evocations
  6576 | D:8      | Noticed a wandering mushroom
  6661 | D:8      | Reached XP level 8. HP: 47/51 MP: 16/16
  6685 | D:8      | Noticed Huymann's ghost (experienced DrCj)
  6694 | D:8      | HP: 2/51 [Huymann's ghost/spray of energy (23)]
  6699 | D:8      | Killed from afar by Huymann's ghost

Action                   |  1- 3 |  4- 6 |  7- 9 || total
-------------------------+-------+-------+-------++-------
Melee: Dagger            |   169 |   190 |    69 ||   428
 Fire: Shortbow          |    38 |   130 |    42 ||   210
       Blowgun           |       |     5 |    16 ||    21
Throw: Javelin           |    29 |    13 |     8 ||    50
Evoke: Wand              |       |       |     2 ||     2
  Use: Scroll            |     8 |     8 |     1 ||    17
       Potion            |     1 |     2 |     2 ||     5
 Stab: Sleeping          |     2 |     3 |     1 ||     6
  Eat: Chunk             |     1 |     9 |     4 ||    14
       Pizza             |     1 |       |     1 ||     2
       Beef jerky        |       |     1 |       ||     1
